NYP
BATAVIA MUCKDOGS @ AUBURN DOUBLEDAYS
07/04/2099
 
TOP OF THE 1ST
Batavia Muckdogs batting - Pitching for Auburn Doubledays : LHP Scott Bibbins
Pitching: LHP Scott Bibbins
Batting: RHB Brice Post 0-0: Foul Ball, location: 9LDF
0-1: Ball
1-1: Foul Ball, location: 9LDF
1-2: Strikes out swinging
Batting: RHB Bobby McKee 0-0: Swinging Strike
0-1: Foul Ball, location: 9LSF
0-2: Ball
1-2: Foul Ball, location: 2F
1-2: Strikes out swinging
Batting: RHB Zack Atwood 0-0: Ground out 6-3 (Groundball, 56, EV 110.0 MPH)
Top of the 1st over - 0 runs, 0 hits, 0 errors, 0 left on base; Batavia 0 - Auburn 0
BOTTOM OF THE 1ST
Auburn Doubledays batting - Pitching for Batavia Muckdogs : LHP Jason Richardson
Pitching: LHP Jason Richardson
Batting: RHB Matthew Lizaso 0-0: Bunted foul
0-1: Ball
1-1: Ground out 4-3 (Groundball, 4M, EV 103.1 MPH)
Batting: RHB Tony Alvarez 0-0: Swinging Strike
0-1: Ball
1-1: Fly out, F7 (Flyball, 7, EV 94.4 MPH)
Batting: LHB Bobby Lane 0-0: Fly out, F7 (Line Drive, 7, EV 96.3 MPH)
Bottom of the 1st over - 0 runs, 0 hits, 0 errors, 0 left on base; Batavia 0 - Auburn 0
TOP OF THE 2ND
Batavia Muckdogs batting - Pitching for Auburn Doubledays : LHP Scott Bibbins
Batting: LHB Lynssl Goldstein 0-0: Foul Ball, location: 3F
0-1: Ball
1-1: Foul Ball, location: 5SF
1-2: Strikes out swinging
Batting: RHB Matt Jackson 0-0: Called Strike
0-1: Foul Ball, location: 5SF
0-2: Ball
1-2: SOLO HOME RUN (Flyball, 9D, EV 101.9 MPH), Distance : 395 ft
Batting: RHB Jamie Eirich 0-0: Called Strike
0-1: Called Strike
0-2: Strikes out looking
Batting: RHB Chris Denbo 0-0: Called Strike
0-1: Called Strike
0-2: Ball
1-2: Strikes out swinging
Top of the 2nd over - 1 run, 1 hit, 0 errors, 0 left on base; Batavia 1 - Auburn 0
BOTTOM OF THE 2ND
Auburn Doubledays batting - Pitching for Batavia Muckdogs : LHP Jason Richardson
Batting: SHB Guadalupe Quiroz 0-0: Called Strike
0-1: Ground out U3 (Groundball, 34S, EV 78.8 MPH)
Batting: RHB Jose Hinojosa 0-0: Called Strike
0-1: Foul Ball, location: 2F
0-2: Strikes out swinging
Batting: RHB Ryan Phillips 0-0: Ball
1-0: Fly out, F6 (Line Drive, 6, EV 65.0 MPH)
Bottom of the 2nd over - 0 runs, 0 hits, 0 errors, 0 left on base; Batavia 1 - Auburn 0
TOP OF THE 3RD
Batavia Muckdogs batting - Pitching for Auburn Doubledays : LHP Scott Bibbins
Batting: RHB Jesse Walker 0-0: Ball
1-0: Ball
2-0: Ball
3-0: Base on Balls
Batting: RHB Leo Stanisic 0-0: Bunt missed!
0-1: Swinging Strike
0-2: Strikes out swinging
Batting: RHB Brice Post 0-0: Called Strike
0-1: Ball
1-1: Ball
2-1: SINGLE (Line Drive, 7LM, EV 89.4 MPH)
Jesse Walker to second
Batting: RHB Bobby McKee 0-0: Foul Ball, location: 5F
0-1: Ball
1-1: Ball
2-1: Swinging Strike
2-2: Foul Ball, location: 5FF
2-2: Strikes out looking
Batting: RHB Zack Atwood 0-0: Ball
1-0: Foul Ball, location: 2F
1-1: Swinging Strike
1-2: Foul Ball, location: 2LF
1-2: Ball
2-2: Ball
3-2: Strikes out looking
Top of the 3rd over - 0 runs, 1 hit, 0 errors, 2 left on base; Batavia 1 - Auburn 0
BOTTOM OF THE 3RD
Auburn Doubledays batting - Pitching for Batavia Muckdogs : LHP Jason Richardson
Batting: RHB Jake Hays 0-0: Ball
1-0: Ball
2-0: Fly out, F8 (Line Drive, 8LM, EV 85.6 MPH)
Batting: RHB Jordan Sowell 0-0: Foul Ball, location: 7LSF
0-1: Ball
1-1: Ball
2-1: Fly out, F9 (Flyball, 89D, EV 88.1 MPH)
Batting: RHB Jim Miller 0-0: Fly out, F8 (Flyball, 78M, EV 88.1 MPH)
Bottom of the 3rd over - 0 runs, 0 hits, 0 errors, 0 left on base; Batavia 1 - Auburn 0
TOP OF THE 4TH
Batavia Muckdogs batting - Pitching for Auburn Doubledays : LHP Scott Bibbins
Batting: LHB Lynssl Goldstein 0-0: Ball
1-0: Fly out, F9 (Flyball, 9, EV 86.9 MPH)
Batting: RHB Matt Jackson 0-0: Ball
1-0: Called Strike
1-1: Called Strike
1-2: Strikes out swinging
Batting: RHB Jamie Eirich 0-0: Ball
1-0: Ball
2-0: Called Strike
2-1: Ball
3-1: Ground out 6-3 (Groundball, P, EV 85.0 MPH)
Top of the 4th over - 0 runs, 0 hits, 0 errors, 0 left on base; Batavia 1 - Auburn 0
BOTTOM OF THE 4TH
Auburn Doubledays batting - Pitching for Batavia Muckdogs : LHP Jason Richardson
Batting: RHB Matthew Lizaso 0-0: Foul Ball, location: 7LSF
0-1: Foul Ball, location: 9LMFF
0-2: Ball
1-2: Foul Ball, location: 9LSF
1-2: Fly out, F6 (Line Drive, 6M, EV 75.0 MPH)
Batting: RHB Tony Alvarez 0-0: Foul Ball, location: 2F
0-1: SINGLE (Groundball, 6MD, EV 105.0 MPH)
Batting: LHB Bobby Lane 0-0: Fielders Choice at 2nd, 3-6 (Groundball, 34S, EV 84.4 MPH)
Batting: SHB Guadalupe Quiroz 0-0: Ball
Bobby Lane steals 2nd base
1-0: Ball
2-0: Ground out 5-3 (Groundball, 56S, EV 67.5 MPH)
Bottom of the 4th over - 0 runs, 1 hit, 0 errors, 1 left on base; Batavia 1 - Auburn 0
TOP OF THE 5TH
Batavia Muckdogs batting - Pitching for Auburn Doubledays : LHP Scott Bibbins
Batting: RHB Chris Denbo 0-0: Called Strike
0-1: Called Strike
0-2: Ball
1-2: Strikes out swinging
Batting: RHB Jesse Walker 0-0: Ball
1-0: Ball
2-0: Called Strike
2-1: SOLO HOME RUN (Flyball, 7LD, EV 95.0 MPH), Distance : 354 ft
Batting: RHB Leo Stanisic 0-0: Fly out, F4 (Popup, 4, EV 80.6 MPH)
Batting: RHB Brice Post 0-0: Called Strike
0-1: Swinging Strike
0-2: Foul Ball, location: 3FF
0-2: Ground out 5-3 (Groundball, 56S, EV 73.1 MPH)
Top of the 5th over - 1 run, 1 hit, 0 errors, 0 left on base; Batavia 2 - Auburn 0
BOTTOM OF THE 5TH
Auburn Doubledays batting - Pitching for Batavia Muckdogs : LHP Jason Richardson
Batting: RHB Jose Hinojosa 0-0: Ball
1-0: Foul Ball, location: 2F
1-1: Swinging Strike
1-2: Strikes out swinging
Batting: RHB Ryan Phillips 0-0: Called Strike
0-1: Called Strike
0-2: Ball
1-2: Foul Ball, location: 3DF
1-2: Ground out 5-3 (Groundball, 56, EV 83.1 MPH)
Batting: RHB Jake Hays 0-0: Fly out, F3 (Popup, 34, EV 71.9 MPH)
Bottom of the 5th over - 0 runs, 0 hits, 0 errors, 0 left on base; Batavia 2 - Auburn 0
TOP OF THE 6TH
Batavia Muckdogs batting - Pitching for Auburn Doubledays : LHP Scott Bibbins
Batting: RHB Bobby McKee 0-0: Ball
1-0: Called Strike
1-1: Called Strike
1-2: Foul Ball, location: 7LSF
1-2: Ball
2-2: Ball
3-2: Ground out 6-3 (Groundball, 6D, EV 101.3 MPH)
Batting: RHB Zack Atwood 0-0: Called Strike
0-1: Foul Ball, location: 2F
0-2: Foul Ball, location: 2F
0-2: Ball
1-2: Ground out 6-3 (Groundball, 6, EV 89.4 MPH)
Batting: LHB Lynssl Goldstein 0-0: Fly out, F5 (Popup, 5F, EV 67.5 MPH)
Top of the 6th over - 0 runs, 0 hits, 0 errors, 0 left on base; Batavia 2 - Auburn 0
BOTTOM OF THE 6TH
Auburn Doubledays batting - Pitching for Batavia Muckdogs : LHP Jason Richardson
Batting: RHB Jordan Sowell 0-0: Called Strike
0-1: Called Strike
0-2: Ball
1-2: Foul Ball, location: 2F
1-2: Fly out, F4 (Popup, 4S, EV 66.3 MPH)
Batting: RHB Jim Miller 0-0: Ball
1-0: Ball
2-0: Ball
3-0: Called Strike
3-1: Foul Ball, location: 2F
3-2: Strikes out looking
Batting: RHB Matthew Lizaso 0-0: Ground out 6-3 (Groundball, 6, EV 64.4 MPH)
Bottom of the 6th over - 0 runs, 0 hits, 0 errors, 0 left on base; Batavia 2 - Auburn 0
TOP OF THE 7TH
Batavia Muckdogs batting - Pitching for Auburn Doubledays : LHP Scott Bibbins
Batting: RHB Matt Jackson 0-0: Ball
1-0: Ground out 4-3 (Groundball, 4, EV 77.5 MPH)
Batting: RHB Jamie Eirich 0-0: Ball
1-0: Swinging Strike
1-1: Foul Ball, location: 3DF
1-2: Ball
2-2: SINGLE (Flyball, 56D, EV 87.5 MPH)
Pitching: RHP Pedro Hernandez
Batting: RHB Chris Denbo 0-0: Ball
1-0: Swinging Strike
1-1: Swinging Strike
1-2: Strikes out swinging
Batting: RHB Jesse Walker 0-0: Ball
1-0: Called Strike
1-1: Swinging Strike
1-2: Ball
2-2: Foul Ball, location: 5F
2-2: Foul Ball, location: 9LMF
2-2: Ball
3-2: Foul Ball, location: 9LMF
3-2: Foul Ball, location: 2F
3-2: Strikes out swinging
Top of the 7th over - 0 runs, 1 hit, 0 errors, 1 left on base; Batavia 2 - Auburn 0
BOTTOM OF THE 7TH
Auburn Doubledays batting - Pitching for Batavia Muckdogs : LHP Jason Richardson
Batting: RHB Tony Alvarez 0-0: Called Strike
0-1: Ball
1-1: Foul Ball, location: 2F
1-2: SINGLE (Line Drive, 7LS, EV 92.5 MPH)
Batting: LHB Bobby Lane 0-0: Ball
1-0: Called Strike
1-1: Ball
2-1: Fly out, F7 (Line Drive, 7, EV 110.6 MPH)
Batting: SHB Guadalupe Quiroz 0-0: Ball
1-0: Ball
2-0: Foul Ball, location: 9LSF
2-1: Ball
3-1: SINGLE (Groundball, 6MD, EV 97.5 MPH)
Tony Alvarez to second
Runner from 2nd tries for 3rd, SAFE, no throw by CF
Batting: RHB Jose Hinojosa 0-0: Ball
1-0: Fly out, F7 (Line Drive, 7, EV 97.5 MPH)
Runner from 3rd tags up, SCORES, throw by LF
Pitching: LHP Carlos Alvarado
Batting: RHB Ryan Phillips 0-0: Ball
1-0: Ground out 6-3 (Groundball, 56, EV 108.8 MPH)
Bottom of the 7th over - 1 run, 2 hits, 0 errors, 1 left on base; Batavia 2 - Auburn 1
TOP OF THE 8TH
Batavia Muckdogs batting - Pitching for Auburn Doubledays : RHP Pedro Hernandez
Batting: RHB Leo Stanisic 0-0: Called Strike
0-1: Ball
1-1: Fly out, F9 (Line Drive, 9S, EV 93.1 MPH)
Batting: RHB Brice Post 0-0: Ball
1-0: Ball
2-0: Ball
3-0: Base on Balls
Batting: RHB Bobby McKee 0-0: Ball
1-0: Called Strike
1-1: Ball
2-1: Foul Ball, location: 2F
2-2: Strikes out swinging
Batting: RHB Zack Atwood 0-0: Ball
Brice Post steals 2nd base (no throw)
1-0: 2-RUN HOME RUN (Flyball, 7D, EV 98.1 MPH), Distance : 399 ft
Batting: LHB Lynssl Goldstein 0-0: Called Strike
0-1: Called Strike
0-2: Strikes out swinging
Top of the 8th over - 2 runs, 1 hit, 0 errors, 0 left on base; Batavia 4 - Auburn 1
BOTTOM OF THE 8TH
Auburn Doubledays batting - Pitching for Batavia Muckdogs : LHP Carlos Alvarado
Now in CF: Leo Stanisic
Now in RF: David Serna
Batting: RHB Jake Hays 0-0: SINGLE (Flyball, 34D, EV 98.1 MPH)
Batting: RHB Jordan Sowell 0-0: Ball
1-0: Foul Ball, location: 2F
1-1: Called Strike
1-2: Ball
2-2: Strikes out swinging
Pinch Hitting: RHB Josh Baker 0-0: Foul Ball, location: 5F
0-1: Swinging Strike
0-2: Ball
1-2: SINGLE (Line Drive, 34D, EV 103.8 MPH)
Jake Hays to second
Batting: RHB Matthew Lizaso 0-0: Swinging Strike
0-1: SINGLE (Flyball, 7LS, EV 86.9 MPH)
Jake Hays to third
Josh Baker to second
Batting: RHB Tony Alvarez 0-0: Called Strike
0-1: GRAND SLAM HOME RUN (Flyball, 9LD, EV 95.0 MPH), Distance : 365 ft
Pitching: LHP Doug Peay
Batting: LHB Bobby Lane 0-0: Ball
1-0: Called Strike
1-1: Swinging Strike
1-2: Ball
2-2: Strikes out swinging
Batting: SHB Guadalupe Quiroz 0-0: Foul Ball, location: 9LDF
0-1: Foul Ball, location: 7LSF
0-2: Ball
1-2: Ball
2-2: Ground out 5-3 (Groundball, 56S, EV 62.5 MPH)
Bottom of the 8th over - 4 runs, 4 hits, 0 errors, 0 left on base; Batavia 4 - Auburn 5
TOP OF THE 9TH
Batavia Muckdogs batting - Pitching for Auburn Doubledays : RHP Pedro Hernandez
Pitching: RHP Sam Payne
Now at 1B: Bubba Albert
Now in LF: German Rodriguez
Batting: LHB Nick Harris 0-0: Ground out 6-3 (Groundball, 4MD, EV 96.9 MPH)
Pinch Hitting: SHB Jesse Schulte 0-0: Ball
1-0: Ball
2-0: Ground out 4-3 (Groundball, 4S, EV 93.8 MPH)
Pinch Hitting: LHB David Pena 0-0: Ground out 6-3 (Groundball, 4M, EV 106.3 MPH)
Top of the 9th over - 0 runs, 0 hits, 0 errors, 0 left on base; Batavia 4 - Auburn 5
Friday, May 10th , 2024 - OOTP Baseball 24.11 Build 85